 Dungeon Crawl Stone Soup version 0.29.1-15-g9cfb28693d (webtiles) character file.

Game seed: 1011134133325336172

2905 pokedragonboy the Destroyer (level 9, -45/45 HPs)
             Began as a Deep Elf Conjurer on Mar 10, 2023.
             Was a Believer of Sif Muna.
             Killed by an exploding orc (47 damage)
             ... ignited by their inner flame
             ... on level 7 of the Dungeon.
             The game lasted 00:31:46 (9075 turns).

pokedragonboy the Destroyer (Deep Elf Conjurer)     Turns: 9075, Time: 00:31:47

Health: -45/45     AC:  8    Str:  4    XL:     9   Next: 49%
Magic:  8/24       EV: 12    Int: 28    God:    Sif Muna [**....]
Gold:   435        SH:  0    Dex: 13    Spells: 14/26 levels left

rFire   . . .      SeeInvis .   B - +8 dagger
rCold   . . .      Faith    .   (no shield)
rNeg    + . .      Spirit   .   y - +2 robe
rPois   +          Reflect  .   u - +0 helmet
rElec   .          Harm     .   E - +0 cloak
rCorr   .          Rampage  .   (no gloves)
Will    .....                   o - +1 pair of boots
Stlth   ++........              (no amulet)
HPRegen 0.15/turn               A - ring of positive energy
MPRegen 0.19/turn               C - ring of poison resistance

@: studying Long Blades
A: no striking features
a: Renounce Religion, Channel Magic


You were on level 7 of the Dungeon.
You worshipped Sif Muna.
Sif Muna was pleased with you.
You visited 2 branches of the dungeon, and saw 8 of its levels.
You also visited: Sewer.

You collected 435 gold pieces.

Inventory:

Hand Weapons
 B - a +8 dagger (weapon)
 J - a +3 vorpal spear
Armour
 a - a +1 robe of willpower
 o - a +1 pair of boots (worn)
 u - a +0 helmet (worn)
 y - a +2 robe (worn)
 D - the +6 scale mail "Ekkeqiwu" {Fly rN+ MP-9 SInv}
   (You took it off an orc on level 3 of the Dungeon)

   rN:        It protects you from negative energy.
   MP:        It affects your magic capacity (-9).
   SInv:      It lets you see invisible.
   Fly:       It grants you flight.
 E - a +0 cloak (worn)
 F - a +2 buckler
Magical Staves
 g - a staff of death
Jewellery
 A - a ring of positive energy (left hand)
 C - a ring of poison resistance (right hand)
 K - a ring of fire
Wands
 x - a wand of roots (1)
Scrolls
 d - 11 scrolls of butterflies
 e - a scroll of enchant weapon {unknown}
 j - a scroll of immolation
 p - a scroll of fear {unknown}
 q - a scroll of poison {unknown}
 s - a scroll of vulnerability {unknown}
 z - 3 scrolls of teleportation {unknown}
 H - a scroll of summoning {unknown}
 L - a scroll of enchant armour {unknown}
Potions
 b - 3 potions of berserk rage
 c - a potion of brilliance {unknown}
 f - a potion of attraction {unknown}
 h - a potion of resistance {unknown}
 i - a potion of ambrosia {unknown}
 k - 3 potions of mutation
 l - 2 potions of might
 n - 2 potions of flight
 r - 2 potions of cancellation
 t - 3 potions of curing
 v - 2 potions of magic
 w - a potion of lignification {unknown}
 I - a potion of degeneration {unknown}


   Skills:
 - Level 3.0 Dodging
 - Level 2.4 Stealth
 + Level 9.3 Spellcasting
 * Level 10.6 Conjurations
 + Level 7.6 Hexes
 + Level 3.8 Invocations


You had 14 spell levels left.
You knew the following spells:

 Your Spells              Type           Power      Damage    Failure   Level
a - Magic Dart            Conj           100%       1d8       1%          1
b - Searing Ray           Conj           100%       2d8       1%          2
c - Fulminant Prism       Conj/Hex       29%        3d14      1%          4
d - Iskenderun's Mystic   Conj/Tloc      42%        2d10      4%          4
t - Slow                  Hex            100%       N/A       1%          1

Your spell library contained the following spells:

 Spells                   Type           Power      Damage    Failure   Level
 Confusing Touch          Hex            54%        N/A       1%          3
 Dazzling Flash           Conj/Hex       100%       N/A       1%          3
 Ozocubu's Armour         Ice            13%        N/A       13%         3
 Vampiric Draining        Necr           13%        2d6       13%         3
 Metabolic Englaciation   Hex/Ice        17%        N/A       26%         5
 Simulacrum               Ice/Necr       6%         N/A       100%        6


Dungeon Overview and Level Annotations

Branches:
Dungeon (7/15)             Temple (1/1) D:4           Sewer (visited)

Altars:
Ashenzari
Cheibriados
Dithmenos
Elyvilon
Fedhas
Gozag
Hepliaklqana
Kikubaaqudgha
Makhleb
Nemelex Xobeh
Okawaru
Sif Muna
Trog
Uskayaw
Vehumet
Wu Jian
Xom
Yredelemnul
Zin
The Shining One

Shops:
D:2 [   D:6 *


Message History

The orc shouts!
An orc comes into view. It is wielding a +0 club.
Found a scroll labelled BEW TERIPEOKK.
Found a scroll labelled ROUBUN TEUSI.
As you read the scroll of magic mapping, it crumbles to dust.
You feel aware of your surroundings.
You sensed 1 altar, and 1 shop/portal.
Really read the scroll of immolation?
As you read the scroll of immolation, it crumbles to dust.
The creatures around you are filled with an inner flame!
Casting: Searing Ray (safe; 1% risk of failure)
Confirm with . or Enter, or press ? or * to list all spells.
Aiming: Fulminant Prism (dangerous; 1% risk of failure)
Press: ? - help, Dir - move target You conjure a prism of explosive energy!
A fulminant prism comes into view.
The orc priest calls down the wrath of Beogh upon you.
Beogh smites you!
* * * LOW HITPOINT WARNING * * *
You hear a shout!
The water moccasin bites your fulminant prism.
Your fulminant prism crackles loudly.
The orc priest hits your fulminant prism with a +0 hand axe.
Your fulminant prism explodes!
The blast of energy engulfs the orc priest!!
Sif Muna accepts your kill.
The blast of energy engulfs the water moccasin!!!
Sif Muna accepts your kill.
The blast of energy engulfs the orc wizard!!
Sif Muna accepts your kill.
The blast of energy engulfs the orc!!
Sif Muna accepts your kill.
The blast of energy engulfs the orc!!
Sif Muna accepts your kill.
The orc explodes! x2
The fiery explosion engulfs the orc!!!
Sif Muna accepts your kill.
The orc explodes!
The fiery explosion engulfs you!!!
Ouch! That really hurt!
You die...

*,,,,,,,,,,****++*
*,,......,,*~~~,,~
**#......,,*~,,,,,
####.......,,*~,****
##.#....?...*,+,,* *
#.?.......***,+,,* *
##.......*..#***~,****
##......###...,,*~,,,,,
#....§@§.#..#*,,*~~~,,~
#...§§§§....#,,,****++*
###..§§§....#....,,,,,,
#.§§§...........,,,,*
##.....##............
###).§##............
####..§§§#............
#..#.o§§§.............
###*#....#................


You could see an orc.

Vanquished Creatures
  A troll (D:5)
  2 steam dragons
  2 water moccasins
  4 ogres
  2 sky beasts (D:7)
  A phantom (D:5)
  The ghost of booth the Firebug, an amateur DsFE (D:3)
  2 kobold brigands
  A bullfrog (D:5)
  Blork the orc (D:4)
  A gnoll sergeant (D:6)
  A necrophage (D:4)
  A scorpion (D:4)
  3 wights (D:5)
  2 howler monkeys (D:5)
  A jelly (D:5)
  4 hounds (D:6)
  A gnoll bouda (D:5)
  2 orc priests
  4 iguanas
  Jessica (D:3)
  8 orc wizards
  Robin (D:3)
  8 gnolls
  17 adders
  5 river rats (Sewer)
  2 white imps (D:7)
  A worm (D:5)
  3 dart slugs
  28 orcs
  5 endoplasms
  4 giant cockroaches
  9 goblins
  8 hobgoblins
  9 jackals
  5 quokkas
  7 ball pythons
  5 bats (D:1)
  12 frilled lizards
  11 kobolds
  10 rats
196 creatures vanquished.

Vanquished Creatures (others)
  9 fulminant prisms
  A fungus (D:6)
  A plant (D:3)
11 creatures vanquished.

Grand Total: 207 creatures vanquished

Notes
Turn   | Place    | Note
-------+----------+-------------------------------------------
     0 | D:1      | pokedragonboy the Deep Elf Conjurer began the quest for the
                  | Orb.
     0 | D:1      | Reached XP level 1. HP: 10/10 MP: 6/6
   515 | D:1      | Reached XP level 2. HP: 15/15 MP: 4/8
   666 | D:1      | Reached skill level 5 in Conjurations
   825 | D:1      | Learned a level 2 spell: Searing Ray
  1148 | D:1      | Reached skill level 1 in Hexes
  1168 | D:1      | Reached XP level 3. HP: 19/19 MP: 5/9
  1731 | D:2      | Found Bikot's Antique Armour Shoppe.
  2521 | D:3      | Reached XP level 4. HP: 24/24 MP: 2/11
  2527 | D:3      | Learned a level 4 spell: Fulminant Prism
  2611 | D:3      | Found a faded altar of an unknown god.
  2674 | D:3      | Found a basalt altar of Yredelemnul.
  2768 | D:3      | Found a sparkling altar of Nemelex Xobeh.
  2768 | D:3      | Found a hazy altar of Hepliaklqana.
  2768 | D:3      | Noticed Jessica
  2773 | D:3      | Killed Jessica
  2777 | D:3      | Found a blossoming altar of Fedhas.
  2860 | D:3      | Found a snail-covered altar of Cheibriados.
  2868 | D:3      | Noticed Robin
  2874 | D:3      | Killed Robin
  2893 | D:3      | Reached skill level 6 in Conjurations
  2893 | D:3      | Reached XP level 5. HP: 15/28 MP: 0/13
  3506 | D:3      | Found a runed translucent gate.
  3508 | D:3      | Found a runed translucent gate.
  3508 | D:3      | Identified the +6 scale mail "Ekkeqiwu" {Fly rN+ MP-9 SInv}
  3508 | D:3      | Noticed booth's ghost (amateur DsFE)
  3510 | D:3      | Found a runed translucent gate.
  3782 | D:4      | Found a staircase to the Ecumenical Temple.
  3793 | Temple   | Entered the Ecumenical Temple
  3869 | Temple   | Became a worshipper of Sif Muna the Loreminder
  3978 | D:4      | Found a glowing drain.
  3983 | D:4      | Noticed Blork the orc
  3989 | D:4      | Killed Blork the orc
  3993 | D:4      | Reached XP level 6. HP: 30/32 MP: 1/15
  3998 | Sewer    | Entered a sewer
  4294 | Sewer    | Reached skill level 5 in Spellcasting
  4516 | Sewer    | Reached * piety under Sif Muna
  5064 | D:4      | Reached skill level 7 in Conjurations
  5529 | D:4      | Reached XP level 7. HP: 36/36 MP: 11/17
  5686 | D:5      | Entered Level 5 of the Dungeon
  5690 | D:5      | Reached skill level 5 in Hexes
  5884 | D:3      | Killed booth's ghost
  6445 | D:5      | Reached XP level 8. HP: 34/41 MP: 15/20
  6532 | D:5      | Reached skill level 8 in Conjurations
  6598 | D:5      | Reached skill level 1 in Invocations
  6637 | D:5      | Reached ** piety under Sif Muna
  6664 | D:5      | Noticed a troll
  6671 | D:5      | Killed a troll
  6951 | D:5      | Found a white marble altar of Elyvilon.
  6979 | D:5      | Reached skill level 9 in Conjurations
  7663 | D:6      | Reached XP level 9. HP: 45/45 MP: 14/23
  8089 | D:6      | Learned a level 1 spell: Slow
  8092 | D:6      | Reached skill level 10 in Conjurations
  8185 | D:6      | Found Hueqebaf's Fire Supplies.
  8406 | D:6      | Learned a level 4 spell: Iskenderun's Mystic Blast
  9073 | D:7      | HP: 2/45 [orc priest/divine providence (15)]
  9075 | D:7      | Killed by an exploding orc... ignited by their inner flame

Illustrated notes

Levels and vault maps discovered:
D:1:      dpeg_arrival_rooms_a, layout_loops_corners,
          chequers_serial_rivers_small_b
D:2:      layout_loops_ring, serial_shops, shop
D:3:      layout_loops_cross, mainiacjoe_overflow_cross_hatched,
          kennysheep_slug_shrine, gammafunk_temple_overflow_forgotten,
          hellmonk_ecumenical_altar_crossroads, biasface_ghost_orc_armoury,
          uniq_jessica, uniq_robin
D:4:      layout_basic, minmay_temple_entry_grid, portal_sewer_entry_a,
          serial_bayou_pond_c, kennysheep_pointless_box, minivault_5,
          uniq_blork_the_orc
D:5:      layout_loops_ring, kennysheep_mini_moat, minmay_manual_maat
D:6:      layout_basic, dreamdust_mushroom_princess, nicolae_shop_fire_sale
          [nicolae_sub_dead_trees]
D:7:      layout_cave_pools, mainiacjoe_overflow_alcove_1,
          nicolae_ossuary_entry_ruins, kennysheep_generic_room_6
Temple:   nicolae_temple_two_arcs

Skill      XL: |  1  2  3  4  5  6  7  8  9 |
---------------+----------------------------+-----
Conjurations   | 5 6 7 9 10 | 10.6
Hexes          | 1 2 3 4 6 7 |  7.6
Spellcasting   | 4 5 7 8 9 |  9.3
Dodging        | 3 |  3.0
Invocations    | 3 |  3.8
Stealth        | |  2.4

Action                   |  1- 3 |  4- 6 |  7- 9 || total
-------------------------+-------+-------+-------++-------
Melee: Staff             |       |     6 |       ||     6
 Cast: Magic Dart        |    76 |    70 |    90 ||   236
       Searing Ray       |     4 |    26 |    51 ||    81
       Fulminant Prism   |       |     1 |     8 ||     9
       Slow              |       |       |     2 ||     2
  Use: Scroll            |     3 |     2 |     9 ||    14
       Potion            |       |     1 |     1 ||     2
Armor: Robe              |       |     8 |    22 ||    30
Dodge: Dodged            |     7 |    21 |    24 ||    52
